 Dungeon Crawl Stone Soup version 0.30.0-15-g856e2d3f33 (webtiles) character file.

Game seed: 7581882300385285489

497 avis the Cleaver (level 7, 0/61 HPs)
             Began as a Hill Orc Monk on May 19, 2023.
             Slain by a gnoll sergeant
             ... wielding a +2 trident of freezing
              (12 damage)
             ... on level 4 of the Dungeon.
             The game lasted 00:18:46 (5316 turns).

avis the Cleaver (Hill Orc Monk)                    Turns: 5316, Time: 00:18:47

Health: 0/61       AC: 15    Str: 16    XL:     7   Next: 15%
Magic:  16/16      EV:  5    Int: 10    God:
Gold:   195        SH:  0    Dex: 13    Spells: 6/6 levels left

rFire   . . .        a - +0 hand axe
rCold   . . .        d - orb {light}
rNeg    . . .        f - +0 plate armour
rPois   .            (no helmet)
rElec   .            w - +0 cloak {Will+}
rCorr   .            (no gloves)
SInv    .            (no boots)
Will    +....        (no amulet) Stlth
                     h - +4 ring of protection
HPRegen 0.30/turn    m - ring of magical power
MPRegen 0.15/turn

%: no passive effects
@: glowing
A: no striking features
a: no special abilities


You were on level 4 of the Dungeon.
You visited 1 branch of the dungeon, and saw 5 of its levels.

You collected 285 gold pieces.
You spent 90 gold pieces at shops.

Inventory:

Hand Weapons
 a - a +0 hand axe (weapon)
 r - a +5 club
 u - a +0 spear
 v - a +4 quarterstaff of chaos
 A - a +0 trident
 B - a +0 spear
 C - a +0 spear
Missiles
 k - 8 poisoned darts (quivered)
Armour
 b - a +0 robe
 d - an orb of light (worn)
 f - a +0 plate armour (worn)
 s - a +2 robe of positive energy
 w - a +0 cloak of willpower (worn)
 y - a +0 plate armour
Jewellery
 h - a +4 ring of protection (left hand)
 m - a ring of magical power (right hand)
Wands
 D - a wand of digging (4)
Scrolls
 e - 5 scrolls of fear {unknown}
 g - 5 scrolls of identify {unknown}
 i - a scroll of fog {unknown}
 l - 2 scrolls of vulnerability {unknown}
 n - a scroll of noise {unknown}
 o - 3 scrolls of teleportation {unknown}
 p - a scroll of poison {unknown}
 t - a scroll of magic mapping {unknown}
Potions
 c - a potion of ambrosia
 q - 2 potions of might {unknown}
 x - a potion of heal wounds {unknown}
 z - a potion of flight {unknown}
 E - a potion of brilliance {unknown}


   Skills:
 - Level 5.0 Fighting
 * Level 8.9 Axes
 + Level 1.9 Armour
 - Level 3.0 Dodging


You had 6 spell levels left.
You didn't know any spells.
Your spell library contained the following spells:

 Spells                   Type           Power      Damage    Failure   Level
 Necrotise                Necr           0%         1d4       100%        1
 Vampiric Draining        Necr           0%         2d6       100%        3
 Animate Dead             Necr           0%         N/A       100%        4
 Agony                    Necr           0%         N/A       100%        5
 Borgnjor's Vile Clutch   Necr/Erth      0%         N/A       100%        5
 Death Channel            Necr           0%         N/A       100%        6


Dungeon Overview and Level Annotations

Branches:
Dungeon (5/15)
 Temple: D:4-7

Altars:
Hepliaklqana
Zin


Message History

The gnoll sergeant hits you with a +2 trident of freezing.
The gnoll sergeant freezes you.
* * * LOW HITPOINT WARNING * * *
You hit the gnoll sergeant.
The gnoll sergeant is heavily wounded.
You barely miss the gnoll sergeant.
The gnoll sergeant is heavily wounded.
The gnoll sergeant hits you with a +2 trident of freezing!
* * * LOW HITPOINT WARNING * * *
The gnoll sergeant freezes you.
* * * LOW HITPOINT WARNING * * *
You hit the gnoll sergeant.
The gnoll sergeant is heavily wounded.
The gnoll sergeant hits you with a +2 trident of freezing.
* * * LOW HITPOINT WARNING * * *
The gnoll sergeant freezes you.
* * * LOW HITPOINT WARNING * * *
You hit the gnoll sergeant but do no damage.
The gnoll sergeant is heavily wounded.
The gnoll sergeant hits you with a +2 trident of freezing.
* * * LOW HITPOINT WARNING * * *
The gnoll sergeant freezes you.
* * * LOW HITPOINT WARNING * * *
You slash the gnoll sergeant!
The gnoll sergeant is severely wounded.
The gnoll sergeant barely misses you.
You feel better.
The gnoll sergeant hits you with a +2 trident of freezing.
* * * LOW HITPOINT WARNING * * *
The gnoll sergeant freezes you.
* * * LOW HITPOINT WARNING * * *
You hit the gnoll sergeant but do no damage.
The gnoll sergeant is severely wounded.
The gnoll sergeant hits you with a +2 trident of freezing.
* * * LOW HITPOINT WARNING * * *
The gnoll sergeant freezes you.
* * * LOW HITPOINT WARNING * * *
You feel better.
The gnoll sergeant hits you with a +2 trident of freezing!
You die...

.......####......##.#####.#######
#................................
.......#####.###..#.#############
######.#####.###..#.#############
................................#
######.#.###.#.#..#.####.########
.......#.###.#.#..#.# #.#
#######....#........# #.#
#######....###.#@g#.# #.#
....................# #.#
..####............#.# #.#
....##.....###.#.##.# #.#
..♣.##.....# #.#.##.# #.#
.♣..##.##### #.#.##.# #.#
....##.#######.#.##.####.#
##.#.....................#
##.#......####.#.#..####.#


You could see a gnoll sergeant.

Vanquished Creatures
  2 scorpions
  A hound (D:5)
  Crazy Yiuf (D:3)
  An iguana (D:4)
  Jessica (D:3)
  Natasha (thrice) (D:3)
  4 gnolls (D:5)
  8 adders
  A worm (D:3)
  A dart slug (D:2)
  7 orcs
  5 ball pythons
  A bat (D:3)
  8 endoplasms
  A giant cockroach (D:1)
  6 hobgoblins
  3 jackals (D:5)
  6 kobolds
  6 quokkas
  4 frilled lizards
  2 goblins (D:1)
  5 rats
77 creatures vanquished.

Notes
Turn   | Place    | Note
-------+----------+-------------------------------------------
     0 | D:1      | avis the Hill Orc Monk began the quest for the Orb.
     0 | D:1      | Reached XP level 1. HP: 19/19 MP: 1/1
    91 | D:1      | Found a faded altar of an unknown god.
   169 | D:1      | Reached XP level 2. HP: 27/27 MP: 2/2
   696 | D:2      | Reached skill level 5 in Axes
   817 | D:2      | Reached XP level 3. HP: 29/33 MP: 3/3
  1893 | D:3      | Reached XP level 4. HP: 41/41 MP: 4/4
  2014 | D:3      | Noticed Jessica
  2022 | D:3      | Killed Jessica
  2023 | D:3      | Reached skill level 6 in Axes
  2299 | D:3      | Found a hazy altar of Hepliaklqana.
  2541 | D:3      | Noticed Natasha
  2553 | D:3      | Killed Natasha
  2554 | D:3      | Reached XP level 5. HP: 36/47 MP: 5/5
  2688 | D:3      | Noticed Natasha
  2701 | D:3      | Killed Natasha
  2702 | D:3      | Reached skill level 5 in Fighting
  2808 | D:3      | Found a runed translucent door.
  2809 | D:3      | Noticed Crazy Yiuf
  2819 | D:3      | Killed Crazy Yiuf
  2976 | D:3      | Noticed Natasha
  3024 | D:3      | Killed Natasha
  3025 | D:3      | Reached skill level 7 in Axes
  3025 | D:3      | Reached skill level 1 in Armour
  3429 | D:4      | Reached XP level 6. HP: 55/56 MP: 6/6
  4303 | D:5      | Entered Level 5 of the Dungeon
  4428 | D:4      | Reached skill level 8 in Axes
  4769 | D:5      | Found Zin's Purification Station.
  4774 | D:5      | Found a glowing silver altar of Zin.
  4783 | D:5      | Bought a potion of curing for 90 gold pieces
  4967 | D:5      | Reached XP level 7. HP: 57/61 MP: 7/7
  5316 | D:4      | Slain by a gnoll sergeant

Illustrated notes

Levels and vault maps discovered:
D:1:      dpeg_arrival_short_road, layout_loops_ring,
          ebering_ecumenical_altar_abandoned
D:2:      layout_loops_corners
D:3:      layout_loops_corners, mainiacjoe_overflow_cross_hatched, uniq_natasha,
          uniq_crazy_yiuf_cottage, uniq_jessica
D:4:      layout_basic, chequers_mini_garden, minivault_19
D:5:      layout_loops_cross, zin_purify

Skill      XL: |  1  2  3  4  5  6 |
---------------+-------------------+-----
Fighting       | 4 5 |  5.0
Axes           | 5 6 7 8 |  8.9
Armour         | 1 |  1.9
Dodging        | 3 |  3.0

Action                     |  1- 3 |  4- 6 |  7- 9 || total
---------------------------+-------+-------+-------++-------
  Melee: Hand axe          |    85 |   191 |    35 ||   311
    Use: Potion            |       |       |     3 ||     3
 Armour: Plate armour      |    44 |   126 |    10 ||   180
         Robe              |     1 |       |       ||     1
  Dodge: Dodged            |    18 |    39 |     8 ||    65
